 Dungeon Crawl Stone Soup version 0.29.0-4-gdea44cf6ec (webtiles) character file.

Game seed: 3046559731254629686

3611 qw the Cleaver (level 9, -1/81 HPs)
             Began as a Minotaur Berserker on Sept 4, 2022.
             Was an Elder of Trog.
             Slain by Amaemon
             ... wielding a -2 demon whip of venom
              (8 damage)
             ... on level 8 of the Dungeon.
             The game lasted 00:02:36 (8969 turns).

qw the Cleaver (Minotaur Berserker)                 Turns: 8969, Time: 00:02:36

Health: -1/81      AC: 16    Str: 25    XL:     9   Next: 86%
Magic:  8/8        EV:  8    Int:  4    God:    Trog [****..]
Gold:   200        SH:  0    Dex: 13    Spells: 8/8 levels left

rFire   . . .      SeeInvis +   Y - +0 war axe
rCold   . . .      Faith    .   (no shield)
rNeg    . . .      Spirit   .   c - +0 plate armour
rPois   .          Reflect  .   (helmet restricted)
rElec   .          Harm     .   (no cloak)
rCorr   .          Rampage  .   d - +2 pair of gloves
Will    +....                   (no boots)
Stlth   ..........              (no amulet)
HPRegen 0.23/turn               o - ring of see invisible
MPRegen 0.11/turn               (no ring)

@: lethally poisoned (-1 -> -19), on berserk cooldown, slowed, very slow
A: horns 2, retaliatory headbutt, thin skeletal structure 1, strong-willed 1
a: Renounce Religion, Berserk, Trog's Hand, Brothers in Arms


You were on level 8 of the Dungeon.
You worshipped Trog.
Trog was greatly pleased with you.
You visited 1 branch of the dungeon, and saw 8 of its levels.

You collected 380 gold pieces.
You spent 180 gold pieces at shops.


Innate Abilities, Weirdness & Mutations

You have a pair of horns on your head.
You reflexively headbutt those who attack you in melee.
You have a somewhat thin skeletal structure. (Dex +2, Stealth+)
You are strong-willed. (Will+)


   Skills:
 - Level 8.0 Fighting
 - Level 14.0 Axes
 - Level 1.0 Throwing
 + Level 6.5 Armour
 - Level 3.3 Dodging


You had 8 spell levels left.
You didn't know any spells.
Your spell library was empty.

Inventory:

Hand Weapons
 h - a +0 flail of protection
 Y - a +0 war axe (weapon)
Missiles
 l - 2 boomerangs (quivered)
Armour
 c - a +0 plate armour (worn)
 d - a +2 pair of gloves (worn)
Jewellery
 o - a ring of see invisible (left hand)
Scrolls
 k - 6 scrolls of identify
Potions
 a - 3 potions of curing
 b - a potion of haste
 g - a potion of might
 i - 2 potions of cancellation
 m - a potion of resistance

Dungeon Overview and Level Annotations

Branches:
Dungeon (8/15)             Temple (0/1) D:5
   Lair: D:8-11

Altars:
Gozag
Makhleb

Shops:
D:1 *   D:2 =   D:4 =

Annotations:
D:6 1 runed translucent door, qw's ghost, novice GrBe
D:8 Amaemon; Maggie


Message History

You start resting.
Amaemon the Diabolical Poisoner comes into view.
He is wielding a -2 demon whip of venom.
Amaemon shouts!
Amaemon drinks a potion.
Amaemon's spells are empowered!
Amaemon casts a spell at something.
Amaemon hits you with a -2 demon whip of venom.
You are poisoned.
Amaemon claws you but does no damage.
Amaemon tail-slaps you but does no damage.
You slash Amaemon!
Amaemon is lightly wounded.
You feel very sick.
Amaemon hits you with a -2 demon whip of venom.
You are more poisoned.
Amaemon completely misses you. Amaemon barely misses you.
Amaemon hits you with a -2 demon whip of venom.
You are more poisoned.
Amaemon barely misses you.
Amaemon tail-slaps you but does no damage.
The orange demon barely misses you.
8967 ||| DRINKING potion of heal wounds.
You feel much better.
You feel extremely sick.
The orange demon stings you but does no damage.
Amaemon hits you with a -2 demon whip of venom.
You are more poisoned.
Amaemon claws you but does no damage.
Amaemon tail-slaps you but does no damage.
You barely miss Amaemon. Your headbutt misses Amaemon.
Amaemon is lightly wounded.
You feel extremely sick.
The orange demon stings you but does no damage.
Amaemon misses you. Amaemon closely misses you.
Amaemon tail-slaps you but does no damage.
You slice Amaemon!!
Amaemon is moderately wounded.
You feel very sick.
The orange demon stings you but does no damage.
Amaemon hits you with a -2 demon whip of venom!
You die...

##..............
######...............
..#.......)))@..?...
##......K...##)$$...# .
........#..##[....## ..
....## #.##..)....# ...
##4..####.....%)#..#
....#..6#.....?.....##..
#......@..##........####
.....#......##......#
... ##.............. .
#..##.##......##
#......#..##..#
.......... ##(.
.......... ...........
........[...


You could see Amaemon (empowered) and an orange demon (curare).

Vanquished Creatures
  A wyvern (D:7)
  A water moccasin (D:5)
  Duvessa (D:7)
  2 orc warriors
  2 black bears
  A sky beast (D:7)
  2 ogres
  3 ice beasts
  A centaur (D:5)
  A phantom (D:6)
  6 kobold brigands (D:8)
  5 bullfrogs
  2 necrophages
  2 gnoll sergeants
  A scorpion (D:4)
  Dowan (D:7)
  3 killer bees (D:8)
  A howler monkey (D:8)
  2 hounds
  2 jellies
  8 orc priests
  11 orc wizards
  An iguana (D:5)
  11 gnolls
  6 adders
  2 shadow imps
  4 worms
  3 dart slugs
  19 orcs
  11 endoplasms
  6 giant cockroaches
  7 goblins
  6 hobgoblins
  8 jackals
  6 quokkas
  2 ball pythons
  4 bats
  3 frilled lizards
  9 kobolds
  10 rats
177 creatures vanquished.

Notes
Turn   | Place    | Note
-------+----------+-------------------------------------------
     0 | D:1      | qw the Minotaur Berserker began the quest for the Orb.
     0 | D:1      | Reached XP level 1. HP: 19/19 MP: 0/0
     0 | D:1      | 0 ||| qw: Version: 0.1-a-103-gd6f5d3a
     0 | D:1      | 0 ||| qw: Game counter: 5457
     0 | D:1      | 0 ||| qw: Always use a shield: true
     0 | D:1      | 0 ||| qw: Do Orc after D:15 true
     0 | D:1      | 0 ||| qw: Do second Lair branch before Depths: true
     0 | D:1      | 0 ||| qw: Lair rune preference: random
     0 | D:1      | 0 ||| qw: Plans: Normal
     0 | D:1      | 0 ||| PLANNING D:1-11
    81 | D:1      | Found Noomoss's General Store.
   105 | D:1      | 105 ||| SHOPLISTING +0 flail of holy wrath (99 gold, have
                  | 0).
   105 | D:1      | 105 ||| SHOPLISTING +0 ring mail (48 gold, have 0).
   105 | D:1      | 105 ||| SHOPLISTING potion of curing (36 gold, have 0).
   105 | D:1      | 105 ||| SHOPLISTING scroll of identify (24 gold, have 0).
   105 | D:1      | 105 ||| SHOPLISTING scroll of teleportation (36 gold, have
                  | 0).
   275 | D:1      | Reached skill level 4 in Axes
   440 | D:1      | Reached XP level 2. HP: 15/26 MP: 1/1
   442 | D:1      | 442 ||| INVOKING Berserk.
   795 | D:1      | Found a faded altar of an unknown god.
   799 | D:1      | 799 ||| Stepping ~*~*~tactically~*~*~ (stealth).
   803 | D:1      | 803 ||| Stepping ~*~*~tactically~*~*~ (stealth).
   805 | D:1      | 805 ||| Stepping ~*~*~tactically~*~*~ (stealth).
   807 | D:1      | 807 ||| Stepping ~*~*~tactically~*~*~ (stealth).
   918 | D:1      | Reached skill level 5 in Axes
  1119 | D:1      | 1119 ||| UPGRADING to +0 leather armour.
  1129 | D:1      | 1129 ||| DROPPING +0 animal skin.
  1130 | D:1      | 1130 ||| UPGRADING to +0 ring mail.
  1140 | D:1      | 1140 ||| DROPPING +0 leather armour.
  1141 | D:1      | 1141 ||| DROPPING amulet of faith.
  1142 | D:1      | 1142 ||| READING scroll labelled CAHATIGEDOA.
  1143 | D:1      | 1143 ||| READING scroll labelled GENOGRAGRO.
  1144 | D:1      | 1144 ||| READING 2 scrolls labelled PIACWUGADI.
  1145 | D:1      | 1145 ||| READING scroll labelled IBUTIU UWKO.
  1149 | D:1      | 1149 ||| READING scroll labelled ROTZOPTEIGYU.
  1150 | D:1      | 1150 ||| DRINKING 2 smoky clear potions.
  1150 | D:1      | Gained mutation: Armour fits poorly on your strangely
                  | shaped body. [potion of mutation]
  1150 | D:1      | Gained mutation: Your muscles are strong. (Str +4, Int/Dex
                  | -1) [potion of mutation]
  1150 | D:1      | Gained mutation: You are dopey. (Int -2) [potion of
                  | mutation]
  1150 | D:1      | Lost mutation: You are dopey. (Int -2) [potion of mutation]
  1151 | D:1      | 1151 ||| DRINKING potion of mutation.
  1151 | D:1      | Lost mutation: Your muscles are strong. (Str +4, Int/Dex
                  | -1) [potion of mutation]
  1151 | D:1      | Lost mutation: Armour fits poorly on your strangely shaped
                  | body. [potion of mutation]
  1151 | D:1      | Gained mutation: You sometimes lose your temper in combat.
                  | [potion of mutation]
  1151 | D:1      | Gained mutation: Your body sometimes deteriorates upon
                  | taking damage. [potion of mutation]
  1198 | D:2      | Reached ** piety under Trog
  1199 | D:2      | Reached XP level 3. HP: 31/31 MP: 2/2
  1287 | D:2      | 1287 ||| Stepping ~*~*~tactically~*~*~ (hiding).
  1525 | D:2      | Found Zyufez's Jewellery Shoppe.
  1533 | D:2      | 1533 ||| SHOPLISTING +4 ring of evasion (360 gold, have
                  | 73).
  1533 | D:2      | 1533 ||| SHOPLISTING +6 ring of strength (360 gold, have
                  | 73).
  1533 | D:2      | 1533 ||| SHOPLISTING amulet of reflection (300 gold, have
                  | 73).
  1533 | D:2      | 1533 ||| SHOPLISTING ring of resist corrosion (200 gold,
                  | have 73).
  1858 | D:2      | 1858 ||| INVOKING Berserk.
  1971 | D:2      | 1971 ||| FLEEEEING.
  1973 | D:2      | 1973 ||| FLEEEEING.
  1974 | D:2      | 1974 ||| FLEEEEING.
  1975 | D:2      | 1975 ||| FLEEEEING.
  1978 | D:2      | 1978 ||| FLEEEEING.
  1979 | D:2      | 1979 ||| FLEEEEING.
  2145 | D:2      | 2145 ||| INVOKING Berserk.
  2413 | D:2      | 2413 ||| UPGRADING to +0 plate armour.
  2423 | D:2      | 2423 ||| DROPPING +0 ring mail.
  2424 | D:2      | 2424 ||| DRINKING 2 golden potions.
  2425 | D:2      | 2425 ||| DRINKING 2 cyan potions.
  2426 | D:2      | 2426 ||| DRINKING 2 emerald potions.
  2427 | D:2      | 2427 ||| DROPPING potion of attraction.
  2578 | D:3      | Noticed a necrophage
  2587 | D:3      | Killed a necrophage
  2588 | D:3      | Reached skill level 6 in Axes
  2588 | D:3      | Reached XP level 4. HP: 39/39 MP: 3/3
  3267 | D:3      | 3267 ||| READING scroll of enchant weapon.
  3267 | D:3      | 3267 ||| ENCHANTING +1 hand axe.
  3314 | D:3      | 3314 ||| READING 3 scrolls of identify.
  3314 | D:3      | 3314 ||| IDENTIFYING red potion
  3315 | D:3      | 3315 ||| READING 2 scrolls of identify.
  3315 | D:3      | 3315 ||| IDENTIFYING viscous black potion
  3347 | D:4      | 3347 ||| Stepping ~*~*~tactically~*~*~ (stealth).
  3350 | D:4      | 3350 ||| INVOKING Berserk.
  3354 | D:4      | Reached XP level 5. HP: 45/45 MP: 4/4
  3355 | D:4      | Reached skill level 7 in Axes
  3362 | D:4      | Reached skill level 3 in Armour
  3536 | D:4      | Noticed a black bear
  3541 | D:4      | 3541 ||| INVOKING Berserk.
  3546 | D:4      | Killed a black bear
  3547 | D:4      | Reached XP level 6. HP: 53/53 MP: 5/5
  3649 | D:4      | 3649 ||| Stepping ~*~*~tactically~*~*~ (stealth).
  3683 | D:4      | Reached skill level 8 in Axes
  3700 | D:4      | 3700 ||| Stepping ~*~*~tactically~*~*~ (stealth).
  3843 | D:4      | 3843 ||| INVOKING Berserk.
  4108 | D:4      | Found Omulurch's Jewellery Emporium.
  4113 | D:4      | 4113 ||| SHOPLISTING +6 ring of dexterity (432 gold, have
                  | 212).
  4113 | D:4      | 4113 ||| SHOPLISTING ring "Demunaza" {rN+ Str+5} (450 gold,
                  | have 212).
  4113 | D:4      | 4113 ||| SHOPLISTING ring of poison resistance (240 gold,
                  | have 212).
  4113 | D:4      | 4113 ||| SHOPLISTING ring of positive energy (240 gold,
                  | have 212).
  4113 | D:4      | 4113 ||| BUYING ring of see invisible (180 gold).
  4113 | D:4      | Bought a ring of see invisible for 180 gold pieces
  4113 | D:4      | 4113 ||| SHOPLISTING ring of willpower (300 gold, have 32).
  4118 | D:4      | 4118 ||| Stepping ~*~*~tactically~*~*~ (hiding).
  4119 | D:4      | 4119 ||| Stepping ~*~*~tactically~*~*~ (hiding).
  4124 | D:4      | 4124 ||| INVOKING Berserk.
  4139 | D:4      | Reached skill level 9 in Axes
  4139 | D:4      | Reached XP level 7. HP: 39/60 MP: 6/6
  4262 | D:4      | 4262 ||| DROPPING +0 club.
  4571 | D:4      | 4571 ||| UPGRADING to +0 pair of gloves.
  4576 | D:4      | 4576 ||| UPGRADING to ring of see invisible.
  4577 | D:4      | 4577 ||| READING scroll labelled POULLEZOKHLO.
  4578 | D:4      | 4578 ||| READING 4 scrolls of identify.
  4578 | D:4      | 4578 ||| IDENTIFYING fizzy emerald potion
  4579 | D:4      | 4579 ||| READING 3 scrolls of identify.
  4579 | D:4      | 4579 ||| IDENTIFYING orange potion
  4580 | D:4      | 4580 ||| READING 2 scrolls of identify.
  4580 | D:4      | 4580 ||| IDENTIFYING blue potion
  4581 | D:4      | 4581 ||| DROPPING potion of ambrosia.
  4582 | D:4      | 4582 ||| DROPPING potion of flight.
  4583 | D:4      | 4583 ||| DROPPING potion of berserk rage.
  4604 | D:5      | Entered Level 5 of the Dungeon
  4605 | D:5      | 4605 ||| PLANNING SEWER
  4610 | D:5      | 4610 ||| DRINKING potion of mutation.
  4610 | D:5      | Lost mutation: Your body sometimes deteriorates upon taking
                  | damage. [potion of mutation]
  4610 | D:5      | Lost mutation: You sometimes lose your temper in combat.
                  | [potion of mutation]
  4610 | D:5      | Gained mutation: You are strong-willed. (Will+) [potion of
                  | mutation]
  4610 | D:5      | Gained mutation: You have a somewhat thin skeletal
                  | structure. (Dex +2, Stealth+) [potion of mutation]
  4709 | D:5      | Found a staircase to the Ecumenical Temple.
  4710 | D:5      | 4710 ||| DROPPING +0 mace.
  4987 | D:5      | 4987 ||| INVOKING Berserk.
  4994 | D:5      | HP: 14/61 [poisoned by a water moccasin]
  5212 | D:5      | 5212 ||| RIP SEWER
  5246 | D:5      | 5246 ||| PLANNING D:1-11
  5439 | D:5      | 5439 ||| Stepping ~*~*~tactically~*~*~ (stealth).
  5446 | D:5      | Reached *** piety under Trog
  5477 | D:5      | 5477 ||| INVOKING Berserk.
  5480 | D:5      | Reached skill level 10 in Axes
  5725 | D:5      | Reached skill level 1 in Throwing
  6064 | D:5      | 6064 ||| READING 2 scrolls labelled MIF QAARPHUZXAHA.
  6065 | D:5      | 6065 ||| READING 3 scrolls of identify.
  6065 | D:5      | 6065 ||| IDENTIFYING fuming clear potion
  6066 | D:5      | 6066 ||| DROPPING scroll of amnesia.
  6138 | D:6      | 6138 ||| Stepping ~*~*~tactically~*~*~ (hiding).
  6139 | D:6      | 6139 ||| Stepping ~*~*~tactically~*~*~ (hiding).
  6142 | D:6      | 6142 ||| Stepping ~*~*~tactically~*~*~ (hiding).
  6148 | D:6      | Reached XP level 8. HP: 70/70 MP: 7/7
  6158 | D:6      | 6158 ||| Stepping ~*~*~tactically~*~*~ (stealth).
  6160 | D:6      | 6160 ||| Stepping ~*~*~tactically~*~*~ (stealth).
  6161 | D:6      | 6161 ||| Stepping ~*~*~tactically~*~*~ (stealth).
  6170 | D:6      | Reached skill level 6 in Fighting
  6183 | D:6      | 6183 ||| Stepping ~*~*~tactically~*~*~ (stealth).
  6184 | D:6      | 6184 ||| Stepping ~*~*~tactically~*~*~ (stealth).
  6195 | D:6      | 6195 ||| INVOKING Berserk.
  6198 | D:6      | Paralysed by an orc priest for 4 turns
  6406 | D:6      | 6406 ||| INVOKING Berserk.
  6458 | D:6      | Reached skill level 11 in Axes
  6712 | D:6      | Found a runed translucent door.
  6712 | D:6      | Noticed a komodo dragon
  6712 | D:6      | Noticed qw's ghost (novice GrBe)
  6806 | D:6      | 6806 ||| INVOKING Berserk.
  6898 | D:6      | 6898 ||| SWAPPING to +2 hand axe of draining.
  6899 | D:6      | 6899 ||| DROPPING +2 hand axe.
  6967 | D:6      | 6967 ||| INVOKING Berserk.
  7073 | D:6      | 7073 ||| DROPPING +0 flail.
  7081 | D:6      | 7081 ||| SWAPPING to +0 war axe.
  7082 | D:6      | 7082 ||| DROPPING +2 hand axe of draining.
  7554 | D:6      | 7554 ||| READING 7 scrolls of identify.
  7554 | D:6      | 7554 ||| IDENTIFYING inky potion
  7600 | D:7      | Noticed Dowan
  7601 | D:7      | Noticed Duvessa
  7607 | D:7      | Reached skill level 12 in Axes
  7607 | D:7      | 7607 ||| INVOKING Berserk.
  7613 | D:7      | Killed Duvessa
  7618 | D:7      | Killed Dowan
  7656 | D:7      | 7656 ||| Stepping ~*~*~tactically~*~*~ (stealth).
  7674 | D:7      | 7674 ||| FLEEEEING.
  7688 | D:7      | Reached XP level 9. HP: 74/79 MP: 8/8
  7756 | D:7      | 7756 ||| Stepping ~*~*~tactically~*~*~ (stealth).
  7903 | D:7      | 7903 ||| Stepping ~*~*~tactically~*~*~ (hiding).
  7912 | D:7      | 7912 ||| Stepping ~*~*~tactically~*~*~ (stealth).
  7914 | D:7      | 7914 ||| Stepping ~*~*~tactically~*~*~ (hiding).
  7922 | D:7      | Reached skill level 6 in Armour
  7923 | D:7      | Reached **** piety under Trog
  7996 | D:7      | 7996 ||| INVOKING Berserk.
  8390 | D:7      | Reached skill level 13 in Axes
  8406 | D:7      | Found an opulent altar of Gozag.
  8538 | D:7      | 8538 ||| Stepping ~*~*~tactically~*~*~ (cloud).
  8539 | D:7      | 8539 ||| Stepping ~*~*~tactically~*~*~ (cloud).
  8564 | D:7      | Found a burning altar of Makhleb.
  8672 | D:7      | 8672 ||| UPGRADING to +2 pair of gloves.
  8682 | D:7      | 8682 ||| DROPPING +0 pair of gloves.
  8683 | D:7      | 8683 ||| READING scroll labelled VIGUXUJO ZEME.
  8731 | D:8      | 8731 ||| Stepping ~*~*~tactically~*~*~ (hiding).
  8738 | D:8      | Reached skill level 3 in Dodging
  8740 | D:8      | 8740 ||| Stepping ~*~*~tactically~*~*~ (stealth).
  8741 | D:8      | 8741 ||| Stepping ~*~*~tactically~*~*~ (stealth).
  8748 | D:8      | 8748 ||| Stepping ~*~*~tactically~*~*~ (hiding).
  8750 | D:8      | 8750 ||| INVOKING Berserk.
  8769 | D:8      | Noticed Maggie
  8773 | D:8      | HP: 19/81 [Maggie/bolt of fire (3)]
  8774 | D:8      | 8774 ||| READING 2 scrolls of teleportation.
  8774 | D:8      | HP: 7/81 [Maggie/+2 scimitar of flaming (13)]
  8775 | D:8      | 8775 ||| DRINKING 3 potions of heal wounds.
  8814 | D:8      | 8814 ||| Stepping ~*~*~tactically~*~*~ (stealth).
  8815 | D:8      | 8815 ||| INVOKING Berserk.
  8901 | D:8      | 8901 ||| INVOKING Berserk.
  8934 | D:8      | 8934 ||| Stepping ~*~*~tactically~*~*~ (stealth).
  8937 | D:8      | Reached skill level 14 in Axes
  8937 | D:8      | 8937 ||| Stepping ~*~*~tactically~*~*~ (stealth).
  8938 | D:8      | 8938 ||| INVOKING Berserk.
  8953 | D:8      | HP: 17/81 [Maggie/+2 scimitar of flaming (7)]
  8954 | D:8      | 8954 ||| READING scroll of teleportation.
  8955 | D:8      | 8955 ||| DRINKING 2 potions of heal wounds.
  8957 | D:8      | Noticed an orange demon
  8958 | D:8      | 8958 ||| Stepping ~*~*~tactically~*~*~ (stealth).
  8962 | D:8      | Noticed Amaemon
  8966 | D:8      | HP: 18/81 [Amaemon/-2 demon whip of venom (5)]
  8967 | D:8      | 8967 ||| DRINKING potion of heal wounds.
  8969 | D:8      | HP: 7/81 [poisoned by Amaemon]
  8969 | D:8      | Slain by Amaemon

Levels and vault maps discovered:
D:1:      dpeg_arrival_radiant, layout_rooms, basic_ecumenical_altar,
          serial_shops, shop, dreamdust_mushroom_princess, minmay_box_of_dots
D:2:      layout_loops_ring, serial_shops, shop, minmay_rat_gold_closets
D:3:      layout_basic, kennysheep_pointless_box
D:4:      minmay_angry_zag, layout_loops_cross, serial_shops,
          nicolae_shop_hallway_stairs
D:5:      layout_basic, minmay_temple_entry_drinking_statues,
          gup_sewer_entry_spiral
D:6:      layout_gridville, ebering_ghost_inner_flame, dk_noncrumbling_2
D:7:      layout_loops_ring, lemuel_round_altar, nicolae_gozag_seed_capital,
          lemuel_old_faithful, uniq_duvessa
D:8:      layout_cave_pools, special_room [special_room_kobold], uniq_amaemon,
          uniq_maggie

Skill      XL: |  1  2  3  4  5  6  7  8  9 |
---------------+----------------------------+-----
Axes           | 4 5 6 7 9 10 12 14 | 14.0
Armour         | 3 4 5 6 |  6.5
Fighting       | 4 5 7 8 |  8.0
Throwing       | 1 |  1.0
Dodging        | 3 |  3.3

Action                   |  1- 3 |  4- 6 |  7- 9 || total
-------------------------+-------+-------+-------++-------
Melee: Hand axe          |   101 |    63 |   136 ||   300
       Headbutt          |    14 |    14 |    45 ||    73
       Punch             |     1 |       |     2 ||     3
       War axe           |       |       |   114 ||   114
Throw: Boomerang         |       |       |    68 ||    68
Invok: Berserk           |     3 |     4 |    12 ||    19
  Use: Scroll            |     5 |     3 |    10 ||    18
       Potion            |     5 |       |     4 ||     9
Armor: Animal skin       |    11 |       |       ||    11
       Ring mail         |    10 |       |       ||    10
       Plate armour      |     1 |    20 |   116 ||   137
Dodge: Dodged            |    35 |     8 |    66 ||   109

Table legend:
 A = Non-vault XP
 B = Vault XP
 C = Vault XP percentage of total XP
 D = Non-vault monster count
 E = Vault monster count
 F = Vault count percentage of total count
                 A         B        C        D         E       F
            +---------+---------+-------+---------+---------+-------
      Total |    4326 |     833 |  16.1 |     148 |      29 |  16.4
            +---------+---------+-------+---------+---------+-------
        D:1 |      36 |       3 |   7.7 |      19 |       2 |   9.5
        D:2 |      39 |       6 |  13.3 |      18 |       6 |  25.0
        D:3 |     107 |       0 |   0.0 |      11 |       0 |   0.0
        D:4 |     589 |      19 |   3.1 |      21 |       4 |  16.0
        D:5 |     564 |      11 |   1.9 |      13 |       7 |  35.0
        D:6 |    1031 |       0 |   0.0 |      31 |       0 |   0.0
        D:7 |    1222 |     214 |  14.9 |      21 |       2 |   8.7
        D:8 |     738 |     580 |  44.0 |      14 |       8 |  36.4
            +---------+---------+-------+---------+---------+-------
